[Event "41st Zalakaros Festival 2022"]
[Site "Zalakaros"]
[Date "2022.06.09"]
[Round "5.9"]
[White "Bernath, Bence"]
[Black "Kiss, Mate Jozsef"]
[Result "1/2-1/2"]
[ECO "B40"]
[WhiteElo "2202"]
[BlackElo "2030"]
[Annotator "TA"]
[PlyCount "74"]
[EventDate "2022.06.05"]
[EventType "swiss"]
[EventCountry "HUN"]
[SourceTitle "playchess.com"]
[Source "ChessBase"]
[SourceQuality "1"]
[TimeControl "40/5400+30:1800+30"]

1. e4 c5 2. Nf3 e6 3. d4 cxd4 4. Nxd4 Nf6 5. Nc3 Nc6 6. Nxc6 bxc6 7. e5 Nd5 8. Ne4 Qc7 9. f4 $1 Rb8 {[%emt 0:00:27] B45: Sicilian Four Knights.} (9... Qb6 $11 {keeps the balance.}) 10. c4 $1 $16 Bb4+ 11. Ke2 $1 (11. Kf2 $6 f5 12. exf6 (12. cxd5 fxe4 13. d6 Qa5 $11) 12... Nxf6 13. Nxf6+ gxf6 $11) 11... O-O {[%emt 0:00:23][%cal Of7f6] White is better.} 12. a3 Be7 13. cxd5 cxd5 {[%emt 0:00:02] [#]} 14. Nd6 Ba6+ {[%emt 0:01:40] [#]} 15. Kf2 $146 (15. Ke1 $1 $16) ({Predecessor:} 15. Ke1 f6 16. Bxa6 Qa5+ 17. b4 Qxa6 18. Qe2 Qa4 19. Bd2 fxe5 20. fxe5 a5 21. Qg4 {1-0 (79) Iljiushenok,I (2524)-Pridorozhni,A (2593) Khanty-Mansiysk 2019}) 15... Bxf1 (15... f6 $1 $11 16. Bxa6 Qb6+ 17. Kg3 (17. Be3 Qxa6 18. Qe2 Qxe2+ 19. Kxe2 fxe5 $11) 17... Qxa6) 16. Rxf1 ({Weaker is} 16. Kxf1 f6 17. Ke1 fxe5 18. fxe5 Bxd6 19. exd6 Qxd6 $17) 16... Qc5+ 17. Kg3 (17. Be3 $16 Rxb2+ 18. Kf3) 17... f6 $1 $14 18. Kh3 (18. h4 $1 $14) 18... fxe5 $11 {[%emt 0:17:01] The position is equal.} 19. fxe5 Rxf1 20. Qxf1 {[%emt 0:01:19] Qf7+ is the strong threat.} Bxd6 (20... Rf8 $5 21. Qe1 (21. Bf4 Bxd6 22. exd6 e5 $17) 21... Bxd6 22. exd6 d4 $11) 21. exd6 Rf8 22. Qe2 Qg1 $1 23. Qg4 {[%emt 0:01:19][%cal Oc1h6] White threatens Bh6! and mate.} g6 24. Bh6 $1 Qxa1 25. Bxf8 Kxf8 {[%emt 0:00:16][%mdl 4096] Endgame KQ-KQ} 26. Qg5 Qf1 27. Qd8+ Kg7 28. Qxd7+ Kf6 {[%emt 0:06:04] ( -> ...Qd3+)} 29. Qe7+ (29. Qxa7 {is a self mate.} Qd3+ 30. Kg4 h5+ 31. Kh4 g5+ 32. Kxh5 Qg6+ 33. Kg4 Qe4+ 34. Kg3 Qf4+ 35. Kh3 Qh4#) 29... Ke5 30. d7 Qf5+ 31. Kh4 {[%emt 0:00:19] Black must now prevent Qg5.} Qf4+ 32. Kh3 Qf5+ 33. g4 Qf3+ 34. Kh4 {[%emt 0:00:04] And now Qg7+ would win.} Qf2+ 35. Kh3 {[%emt 0:00:40] Strongly threatening Qg7+.} Qf3+ 36. Kh4 {[%emt 0:00:03] Threatens to win with Qg7+.} Qf2+ 37. Kh3 {[%emt 0:00:25] Hoping for Qg7+.} Qf3+ {[%emt 0:00:07] Weighted Error Value: White=0.10 (very precise) /Black=0.12 (very precise)} 1/2-1/2

[Event "41st Zalakaros Festival 2022"]
[Site "Zalakaros"]
[Date "2022.06.09"]
[Round "5.10"]
[White "Ianov, Viktor"]
[Black "Lauda, Alexandr"]
[Result "0-1"]
[ECO "A05"]
[WhiteElo "2279"]
[BlackElo "1884"]
[Annotator "TA"]
[PlyCount "79"]
[EventDate "2022.06.05"]
[EventType "swiss"]
[EventCountry "HUN"]
[SourceTitle "playchess.com"]
[Source "ChessBase"]
[SourceQuality "1"]
[TimeControl "40/5400+30:1800+30"]

1. Nf3 Nf6 2. g3 g6 3. b3 Bg7 4. Bb2 O-O 5. Bg2 d6 6. d4 b5 7. O-O Bb7 8. Nbd2 Nbd7 9. c4 {[%emt 0:00:13] A49: 1 d4 Nf6 2 Nf3 g6 3 g3: Anti-King's Indian systems.} bxc4 10. Nxc4 a5 11. Rc1 {[%emt 0:00:39] The position is equal.} Ra6 12. Ne1 Bxg2 13. Nxg2 {[%emt 0:00:39] [#]} c5 $146 (13... Qa8 $15) ({Predecessor:} 13... Qa8 14. Nge3 c5 15. dxc5 Nxc5 16. Bxf6 Bxf6 17. Nd5 Ne4 18. Nc7 Qb7 19. Nxa6 Qxa6 {½-½ (38) Boe,M (2293)-Hilwerda,J (2275) Fredericia 2022}) 14. dxc5 $14 Nxc5 15. Qc2 Qd7 16. Rfd1 Qh3 (16... Rb8 $11) 17. Nf4 Qh6 (17... Qd7 $14) 18. Kg2 Rb8 19. f3 g5 (19... Ne6 $16 {is a better defense.}) 20. Nd3 (20. Bxf6 $18 {has better winning chances.} Bxf6 21. Nd5) 20... Ne6 $16 21. Ne3 Qg6 {[%emt 0:01:44] Prevents Nf5.} 22. Qc4 Ra7 23. Qa4 h5 24. Rc6 Kh7 25. Qc4 g4 26. Bxf6 gxf3+ 27. exf3 Bxf6 28. Nd5 Be5 29. Qh4 a4 30. b4 ({Much less strong is} 30. bxa4 Qf5 31. Rc4 (31. Nxe7 Rxe7 32. Qxe7 Nd4 $11) 31... Bf6 32. Nxf6+ exf6 $16) 30... f6 {[%emt 0:01:51] [#]} 31. Rc4 {[%emt 0:01:13] Against Nd4} ({Resist} 31. Nxe5 $6 dxe5 32. Qc4 (32. Rxe6 Qc2+ 33. Kh3 Qf5+ 34. Kg2 Qxe6 $11) 32... Nd4 $14) (31. Qc4 $1 $18) 31... Rb5 32. Nf2 {[%emt 0:01:14] Pair of Knights!} (32. Ne3 $16) 32... Rab7 (32... Ng7 $11) 33. f4 ({White should try} 33. a3 $16) 33... Bb2 $11 34. g4 Ng7 {[%emt 0:03:02] Inhibits f5. Threatens to win with ...Qf7.} 35. Kh1 $2 {[%emt 0:07:48] [#]} (35. Qh3 $1 $11) 35... Rxd5 $1 36. Rxd5 $17 {[%emt 0:00:15] Black must now prevent Qh3.} Qb1+ $2 {[%emt 0:00:04][%mdl 8192] [#]} (36... Qf7 $15 {keeps the upper hand.} 37. Rxh5+ Nxh5 38. Qxh5+ Qxh5 39. gxh5 d5) 37. Kg2 $1 $18 {[%emt 0:00:57] Strongly threatening Rxh5+.} Qxa2 $2 (37... Qg6 $18 38. Qh3 f5) 38. Rxh5+ Nxh5 39. Qxh5+ Kg7 40. Rc8 {[%mdl 32768] Weighted Error Value: White=0.37/Black=0.60. Loss on time!?} 0-1

[Event "41st Zalakaros Festival 2022"]
[Site "Zalakaros"]
[Date "2022.06.10"]
[Round "6.1"]
[White "Pranav Vijay"]
[Black "Csonka, Balazs"]
[Result "0-1"]
[ECO "C67"]
[WhiteElo "2265"]
[BlackElo "2498"]
[Annotator "TA"]
[PlyCount "84"]
[EventDate "2022.06.05"]
[EventType "swiss"]
[EventCountry "HUN"]
[SourceTitle "playchess.com"]
[Source "ChessBase"]
[SourceQuality "1"]
[TimeControl "40/5400+30:1800+30"]

1. e4 e5 2. Nf3 Nc6 3. Bb5 Nf6 4. O-O Nxe4 5. Re1 Nd6 6. Nxe5 Be7 7. Bf1 Nxe5 8. Rxe5 O-O 9. d4 Bf6 {[%emt 0:00:35] C67: Ruy Lopez: Berlin Defence: 4 0-0 Nxe4.} 10. Re2 Nc4 11. b3 Nb6 {[%emt 0:00:09] The position is equal.} 12. c4 d5 {[%emt 0:00:39] [#]} 13. Ba3 $146 (13. c5 $5 Nd7 14. Ba3 $11) ({Predecessor:} 13. c5 Nd7 14. Bb2 Re8 15. Nc3 c6 16. Qd2 Rxe2 17. Nxe2 Nf8 18. Ng3 g6 19. Re1 {½-½ (98) Vachier Lagrave,M (2761)-Antipov,M (2615) Warsaw 2021}) 13... Re8 (13... Bg4 {feels hotter.} 14. Bxf8 Qxf8 15. c5 Bxe2 16. Bxe2 Nd7) 14. Rxe8+ Qxe8 15. c5 (15. Nc3 $5 ) 15... Nd7 16. Nc3 c6 17. b4 Nf8 18. Qd2 Bf5 19. Ne2 Qd7 20. Bb2 Re8 21. a4 h5 22. Qc3 h4 23. h3 Bd8 24. Bc1 Bc7 25. Be3 Ng6 26. Kh1 (26. b5 $15) 26... Bb8 $17 {[%emt 0:08:18] Black continues to play with concentration.} 27. f3 Qc7 {[%emt 0:00:48][%csl Gb8][%cal Rc7h2] [#]} 28. Bg1 {[%emt 0:00:03] Against Qh2+} Ne7 {[%emt 0:04:06] Black is much more active.} 29. b5 Bd7 {[%emt 0:05:45] aiming for ...Nf5.} 30. b6 (30. bxc6 $17 {keeps fighting.} Bxc6 31. Qd2) 30... axb6 $19 31. cxb6 Qxb6 32. Bh2 Bxh2 33. Kxh2 Nf5 34. a5 Qc7+ 35. Kg1 Ne3 {[%emt 0:03:02][%cal Oe3g2] Threatens to win with ...Nxg2!} 36. Qd2 Bf5 37. a6 bxa6 38. Rxa6 $2 {[%emt 0:00:01] [#]} (38. Nc3 Re6 39. Re1 Nxf1 40. Rxf1) 38... Qh2+ $3 39. Kf2 (39. Kxh2 Nxf1+) 39... Bxh3 40. Nc3 Nxf1 {[%emt 0:00:00] Black mates.} 41. Kxf1 Qh1+ 42. Kf2 Qxg2# {[%emt 0:00:06] Weighted Error Value: White=0.67/Black=0.18 (very precise)} 0-1

[Event "41st Zalakaros Festival 2022"]
[Site "Zalakaros"]
[Date "2022.06.10"]
[Round "6.2"]
[White "Leszko, Bence"]
[Black "Kantor, Gergely"]
[Result "1/2-1/2"]
[ECO "C47"]
[WhiteElo "2248"]
[BlackElo "2587"]
[Annotator "TA"]
[PlyCount "46"]
[EventDate "2022.06.05"]
[EventType "swiss"]
[EventCountry "HUN"]
[SourceTitle "playchess.com"]
[Source "ChessBase"]
[SourceQuality "1"]
[TimeControl "40/5400+30:1800+30"]

1. e4 e5 2. Nf3 Nc6 3. Nc3 Nf6 4. d4 exd4 5. Nxd4 d6 6. Nxc6 bxc6 7. Bd3 g6 8. h3 Bg7 9. Be3 O-O 10. O-O Nd7 {[%emt 0:09:32] C46: 3 Nc3: Unusual Black 3rd moves.} 11. f4 {[%emt 0:01:46] [#]} Re8 $146 (11... Rb8 $5 ) ({Predecessor:} 11... a5 12. Qd2 Ba6 13. Rf2 Qb8 14. Raf1 Bxd3 15. cxd3 f5 16. g4 Qb4 17. gxf5 gxf5 {½-½ (54) Rada Equiza,M (2236)-Marin,M (2537) Barcelona 2005}) 12. Qf3 Bb7 {[%emt 0:09:06] The position is equal.} 13. e5 Qe7 {[%emt 0:06:02] [#]} (13... Nb6 $11) 14. Rae1 $1 $16 d5 15. Bf2 a5 16. Qg4 Bc8 17. Qf3 Rb8 {[%emt 0:03:20] [#]} (17... Bb7 $11) 18. Na4 $1 Bb7 19. Qg4 {[%emt 0:01:12] Black must now prevent Bh4.} Bc8 20. Qf3 (20. Qg3 $14) 20... Qf8 (20... Bb7 $1 $11 {keeps the balance.}) 21. b3 {[%emt 0:00:59] White is clearly better.} Bb7 22. c4 {White is much more active.} Ba8 (22... Qe7 $16 23. Re2 Qd8) 23. Rc1 Qe7 {[%emt 0:03:44] Weighted Error Value: White=0.13 (very precise) /Black=0.42} 1/2-1/2

[Event "41st Zalakaros Festival 2022"]
[Site "Zalakaros"]
[Date "2022.06.10"]
[Round "6.3"]
[White "Horvath, Adam"]
[Black "Farkas, Gabor"]
[Result "1-0"]
[ECO "C55"]
[WhiteElo "2513"]
[BlackElo "2324"]
[Annotator "TA"]
[PlyCount "77"]
[EventDate "2022.06.05"]
[EventType "swiss"]
[EventCountry "HUN"]
[SourceTitle "playchess.com"]
[Source "ChessBase"]
[SourceQuality "1"]
[TimeControl "40/5400+30:1800+30"]

1. e4 e5 2. Nf3 Nc6 3. Bc4 Nf6 4. d3 Be7 5. O-O O-O 6. Re1 d6 7. a4 Kh8 {[%emt 0:01:13] 7...h6 is a critical line.} 8. h3 {[%emt 0:02:42] C55: Two Knights: 4 d3, 4 d4 exd4 5 e5 and Max Lange Attack.} Be6 9. a5 a6 {[%emt 0:00:32] [#]} 10. Bxe6 $146 {[%emt 0:13:38] White is slightly better.} ({Predecessor:} 10. Nbd2 Ng8 11. Bxe6 fxe6 12. c3 Qd7 13. Nf1 Rf7 14. Ng3 Raf8 15. Be3 Bf6 16. d4 exd4 17. cxd4 {0-1 (45) Mingarro Carceller,S (2361)-Pap,M (2480) Lorca 2018}) 10... fxe6 11. c3 Qd7 12. Nbd2 Nh5 13. Nf1 Nf4 14. b4 Qe8 15. Kh2 Qf7 16. Ng1 (16. Bxf4 $11 {remains equal.} Qxf4+ 17. Ng3) 16... g5 (16... Nxg2 17. Kxg2 d5 18. Qe2 $16 (18. Qf3 d4 $16)) (16... d5 $17 {...d4 is the strong threat.} 17. Bxf4 Qxf4+ 18. Ng3 d4 19. cxd4 exd4) 17. Ra2 (17. Rb1 $15) 17... Rg8 (17... d5 $17 {Strongly threatening ...d4.} 18. g3 Ng6) 18. g3 $11 Rg6 19. Kh1 $16 (19. gxf4 gxf4 20. Kh1 Qg7 $14) 19... Rag8 20. Nh2 $1 ({Much less strong is} 20. gxf4 $6 gxf4 21. Nh2 Qg7 $14) 20... Qg7 21. Rd2 Rh6 22. gxf4 ({White should try} 22. Ng4 Nxh3 23. Nxh3 (23. Nxh6 Qxh6 24. Nxh3 Qxh3+ 25. Kg1 d5 $16) 23... Rxh3+ 24. Kg2) 22... gxf4 {[%emt 0:00:06][%csl Gg8][%cal Rg7g2] [#]} 23. Qf3 {[%emt 0:01:14] Prevents Qg2+.} (23. f3 $1 $16) 23... Rg6 {[%emt 0:00:14] [#]} (23... Nd8 $1 $14) 24. Rdd1 $1 ({But not} 24. Ng4 $2 h5 25. Rdd1 hxg4 26. hxg4 Qh7+ 27. Nh3 Nd8 $19) 24... d5 $2 {[%emt 0:05:03] This costs Black the game.} (24... Nd8 $16 25. Bb2 (25. Ng4 Nf7 $16) 25... Qh6) 25. exd5 $18 e4 (25... exd5 {was called for.} 26. Qxd5 Rh6) 26. Qxe4 {[%emt 0:00:30] White is clearly winning.} exd5 27. Qxd5 Bh4 28. Ng4 Rg5 29. Qe6 Rg6 30. Qf5 Rf8 31. Qh5 Bd8 32. Nf3 {[%emt 0:00:10] Inhibits Rg5.} Ne7 33. Qe5 Qxe5 34. Rxe5 Nc6 35. Re4 Rfg8 36. Rde1 h5 37. Nge5 Rg2 38. Nxc6 Rxf2 39. Nce5 {[%emt 0:01:28] Weighted Error Value: White=0.19 (very precise) /Black=0.55} 1-0

[Event "41st Zalakaros Festival 2022"]
[Site "Zalakaros"]
[Date "2022.06.10"]
[Round "6.4"]
[White "Papp, Levente"]
[Black "Peczely, Sebastian Zsombor"]
[Result "0-1"]
[ECO "D26"]
[WhiteElo "2401"]
[BlackElo "2313"]
[Annotator "TA"]
[PlyCount "76"]
[EventDate "2022.06.05"]
[EventType "swiss"]
[EventCountry "HUN"]
[SourceTitle "playchess.com"]
[Source "ChessBase"]
[SourceQuality "1"]
[TimeControl "40/5400+30:1800+30"]

1. d4 d5 2. Nf3 Nf6 3. c4 dxc4 4. e3 e6 5. Bxc4 Be7 6. O-O O-O 7. Nc3 {[%emt 0:00:21] D26: Queen's Gambit Accepted: 4 e3 e6 5 Bxc5 c5 sidelines.} b6 8. e4 Bb7 (8... c5 $11) 9. Qe2 $16 {[%emt 0:00:33] White is better.} Nc6 10. Rd1 $1 {[%emt 0:01:48] [#]} a6 $146 (10... Na5 $142) ({Predecessor:} 10... Na5 11. Bd3 c5 12. dxc5 Bxc5 13. e5 Bxf3 14. Qxf3 Nd5 15. Be4 Qe7 16. Nxd5 exd5 17. Bxd5 {1-0 (23) Berner,R-Suhr,M freechess.de 2017}) 11. d5 exd5 12. e5 (12. exd5 $6 Na5 $11) 12... Re8 {[%emt 0:12:46][%cal Oe7d6] And now ...Bd6! would win.} 13. exf6 $2 (13. Nxd5 $16 {and life is bright.} Nxd5 14. Bxd5) 13... Bd6 $17 14. Be3 dxc4 15. Nd5 Ne5 16. Nxe5 Bxd5 (16... Rxe5 17. Qg4 (17. Ne7+ Rxe7 18. fxe7 Qxe7 $11) 17... g6 18. Ne7+ Rxe7 19. fxe7 Qxe7 20. Qxc4 $11) 17. Ng4 Be6 {[%emt 0:07:23] A strong pair of Bishops.} 18. fxg7 Bxg4 19. Qxg4 b5 20. Qf3 {[%emt 0:10:48] Inhibits Qf6.} (20. Bd4 $1 $15) 20... Qh4 21. g3 Qe4 22. Qh5 (22. Qxe4 $142 Rxe4 23. Kg2) 22... Re5 {[%emt 0:01:18] The board is on fire.} 23. Qh3 Rae8 24. Rd4 Qf5 25. Qg2 {[%emt 0:00:41] [#] Now White is beyond hope.} (25. Qxf5 $17 {was necessary.} Rxf5 26. Rf1) 25... Bc5 $1 $19 (25... Kxg7 26. Rf4 Qg6 27. Bd4 $14) 26. Rf4 Qd3 27. Kh1 Bxe3 28. fxe3 Rxe3 {[%emt 0:01:36] Threatens to win with ...Re1+.} 29. Raf1 {[%emt 0:01:24] [#]} Re2 $1 ({Worse is} 29... Re1 30. Rxf7 Qe4 31. Rf8+ Kxg7 32. R8f7+ Kg8 33. h3 $17) 30. Qc6 Re1 31. Kg2 ({Of course not} 31. Kg1 Rxf1+ 32. Rxf1 Re2 $19) 31... R8e2+ 32. Kh3 $2 (32. R1f2 Rxf2+ 33. Rxf2) 32... Rxf1 33. Rxf1 {[%emt 0:00:02][%mdl 4096] Endgame KQR-KQR} Re6 34. Qa8+ Kxg7 35. Rf3 Qe2 36. Qd5 Rh6+ 37. Kg4 Rf6 38. a4 h5+ {[%emt 0:00:09] Weighted Error Value: White=0.85/Black=0.19 (very precise)} (38... Qxf3+ $142 39. Qxf3 h5+ 40. Kxh5 Rxf3 41. axb5 axb5 42. Kg5 Rf2 43. g4 Rxb2 44. Kf4 c3 45. Ke3 Rxh2 46. Kf3 c2 47. Kf4 c1=Q+ 48. Kf3 Rh3+ 49. Ke4 Qc4+ 50. Ke5 f6+ 51. Kf5 Rf3#) 0-1

[Event "41st Zalakaros Festival 2022"]
[Site "Zalakaros"]
[Date "2022.06.10"]
[Round "6.5"]
[White "Forgacs, Attila Jr."]
[Black "Sammed Jaykumar, Shete"]
[Result "0-1"]
[ECO "B48"]
[WhiteElo "2234"]
[BlackElo "2400"]
[Annotator "TA"]
[PlyCount "104"]
[EventDate "2022.06.05"]
[EventType "swiss"]
[EventCountry "HUN"]
[SourceTitle "playchess.com"]
[Source "ChessBase"]
[SourceQuality "1"]
[TimeControl "40/5400+30:1800+30"]

1. e4 c5 2. Nf3 e6 3. d4 cxd4 4. Nxd4 Nc6 5. Nc3 Qc7 6. Be3 a6 7. a3 b5 8. Nxc6 Qxc6 9. Be2 Bb7 {[%emt 0:00:07] B49: Sicilian: Taimanov: 5 Nc3 Qc7 6 Be3 a6 7 Be2.} 10. O-O Rc8 11. Qd3 Ne7 {[%emt 0:02:55][%cal Bg8e7,Be7g6,Bg6e5,Be5d3][%mdl 32] White has an edge.} 12. Bf3 (12. Rfd1 $14) 12... Qc7 $11 13. Rfd1 {[%emt 0:09:05] [#]} Ng6 $146 {[%emt 0:04:26] [#]} ({Predecessor:} 13... Bc6 14. a4 b4 15. Ne2 Ng6 16. Bd4 Qb7 17. c3 e5 18. Be3 Be7 19. cxb4 Bxb4 {0-1 (40) Papp,P (2338)-Ramirez Alvarez,A (2567) Chess.com INT 2020}) 14. Bb6 $1 Ne5 15. Bxc7 (15. Qd4 {seems wilder.} Bc5 16. Bxc5 Qxc5 17. Be2) 15... Nxd3 16. cxd3 {[%emt 0:01:14] Hoping for Ba5.} Rxc7 17. Rac1 Be7 18. Ne2 Kd8 19. Rxc7 Kxc7 {[%emt 0:00:11] White is now going downhill.} 20. Rc1+ Kb6 21. Kf1 Rf8 22. Rc2 a5 23. Nc1 Bf6 24. Ke2 {[%emt 0:02:20] [#]} (24. e5 $17 {keeps fighting.} Bxe5 25. Bxb7 Kxb7 26. Rc5) 24... Rc8 $1 $19 25. Kd2 Rxc2+ ({And not} 25... Bg5+ 26. Kd1 $15) 26. Kxc2 {[%emt 0:00:06][%mdl 4096] Endgame KBB-KBN} Bd4 27. Ne2 Bxf2 28. d4 (28. b4 $17 {was called for.}) 28... b4 29. axb4 axb4 30. b3 Ba6 31. Kd2 g6 32. h3 h5 33. Kd1 Be3 34. Kc2 h4 35. Bg4 f5 36. exf5 gxf5 37. Bf3 Bxe2 38. Bxe2 Bxd4 {[%emt 0:00:02] ( -> ...e5). KB-KB} 39. Bh5 Kc5 (39... e5 $142 40. Kd2 d5 41. Bg6 f4 42. Ke2 e4 43. Kd1 Bc3 44. Ke2 Bd4 45. Bh5 Kc5 46. Bg4 Bc3 47. Bf5 Kd6 48. Bg6 Ke5 49. Bh5 d4 50. Bg4 d3+ 51. Kd1 e3 52. Bh5 e2+ 53. Bxe2 dxe2+ 54. Kxe2 Ke4 55. Kf2 Bd4+ 56. Ke2 Be3 57. Kf1 Kd3 58. Ke1 Bd4 59. Kd1 Bf2 60. Kc1 Be3+ 61. Kb1 Bd4 62. Kc1 Bc3 63. Kb1 Kd2 64. Ka2 Kc2 65. g4 hxg3 66. h4 g2 67. h5 g1=Q 68. h6 Qb1#) 40. Be8 d5 {[%emt 0:00:00] Black mates.} 41. Bd7 Kd6 42. Bc8 f4 43. Kd3 e5 44. Bb7 Kc5 45. Ba8 e4+ 46. Kd2 Bc3+ 47. Ke2 Kd4 48. Bc6 Ke5 49. Bb5 d4 50. Bc4 d3+ 51. Kd1 Kd4 52. Kc1 e3 {[%emt 0:00:05] Weighted Error Value: White=0.61/Black=0.25 (precise)} 0-1

[Event "41st Zalakaros Festival 2022"]
[Site "Zalakaros"]
[Date "2022.06.10"]
[Round "6.6"]
[White "Fodor, Balazs"]
[Black "Okhotnik, Vladimir"]
[Result "0-1"]
[ECO "A43"]
[WhiteElo "2126"]
[BlackElo "2336"]
[Annotator "TA"]
[PlyCount "58"]
[EventDate "2022.06.05"]
[EventType "swiss"]
[EventCountry "HUN"]
[SourceTitle "playchess.com"]
[Source "ChessBase"]
[SourceQuality "1"]
[TimeControl "40/5400+30:1800+30"]

1. d4 c5 2. d5 d6 3. c4 Nf6 4. Nc3 g6 5. g3 Bg7 6. Bg2 O-O 7. Nf3 e6 8. O-O exd5 9. cxd5 a6 10. a4 Re8 11. Bf4 Ne4 12. Nxe4 Rxe4 13. Nd2 Rb4 14. b3 {[%emt 0:07:20] A62: Modern Benoni: Fianchetto Variation without early ...Nbd7.} g5 $11 15. Be3 {[%emt 0:03:17] And now Rc1 would win.} Bf5 {[%emt 0:03:34] [#]} 16. Ra3 $146 {[%emt 0:09:30][%cal Ba1a3,Ba3a2,Ba2f2][%mdl 32] next Nc4 is good for White.} ({Predecessor:} 16. Ra2 Bd4 17. Nc4 Bxe3 18. Nxe3 Be4 19. f3 Bg6 20. Nc4 Qe7 21. e4 Nd7 22. f4 {1-0 (32) Sharevich,A (2257)-Schulz,S (2075) Germany 2012}) 16... Nd7 17. Nc4 Ne5 18. Nxe5 Bxe5 19. Bd2 Rc8 20. Bxb4 cxb4 21. Ra2 Rc3 (21... g4 $16 {is a better defense.}) 22. e4 $18 Bd7 {[%emt 0:00:24] [#]} 23. f4 $1 Bg7 24. Kh1 h6 25. fxg5 $2 (25. Raf2 $18) 25... Qxg5 $14 26. Raf2 Bg4 27. Bf3 Bh3 {[%emt 0:00:32] The position is equal.} 28. Bg2 Bg4 {[%emt 0:00:14] A strong pair of Bishops.} 29. Bf3 (29. Qe1 $11 Qh5 30. Qb1 (30. Rxf7 Qxf7 31. Rxf7 Kxf7 $14)) 29... Bh3 {[%emt 0:00:05][%mdl 32768] Weighted Error Value: White=0.31/Black=0.22 (precise) . Loss on time!?} 0-1

[Event "41st Zalakaros Festival 2022"]
[Site "Zalakaros"]
[Date "2022.06.10"]
[Round "6.7"]
[White "Kiss, Mate Jozsef"]
[Black "Ianov, Viktor"]
[Result "1/2-1/2"]
[ECO "B07"]
[WhiteElo "2030"]
[BlackElo "2279"]
[Annotator "TA"]
[PlyCount "51"]
[EventDate "2022.06.05"]
[EventType "swiss"]
[EventCountry "HUN"]
[SourceTitle "playchess.com"]
[Source "ChessBase"]
[SourceQuality "1"]
[TimeControl "40/5400+30:1800+30"]

1. e4 d6 2. d4 Nf6 3. Nc3 c6 4. f4 Qb6 5. Nf3 Bg4 6. Be2 {[%emt 0:00:17] B07: Pirc Defence: Miscellaneous Systems.} Bxf3 7. Bxf3 e5 8. Ne2 {[%emt 0:00:25] White is slightly better.} Nbd7 9. c3 Be7 10. O-O O-O 11. Kh1 {[%emt 0:00:47] [#]} c5 $146 ({Predecessor:} 11... Rfe8 12. a4 a5 13. g4 Nf8 14. g5 N6d7 15. f5 Rad8 16. Rg1 Kh8 17. Qc2 d5 18. exd5 {1-0 (40) Jobava,B (2588)-Pakleza,Z (2489) Chess.com INT 2021}) 12. g4 {[%emt 0:09:31][%cal Bg2g4,Bg4g5][%mdl 32] Strongly threatening dxe5.} Rfd8 13. g5 Ne8 14. b3 Nc7 15. fxe5 dxe5 16. d5 c4 17. Ng3 g6 {[%emt 0:02:33] [#]} 18. Be2 $1 cxb3 19. axb3 Nc5 (19... Ne8 $142) 20. Bc4 (20. Bg4 $142) 20... Qd6 ({Black should play} 20... a5) 21. b4 $16 ({But not} 21. Qf3 a5 $16) 21... Nd7 22. Be3 {[%emt 0:03:56] White is more active.} (22. h4 $142) 22... Rf8 (22... b6 $16) 23. Qg4 (23. Be2 $18) 23... a6 (23... a5 $16 {was worth a try.}) 24. h4 $18 Nb5 {[%emt 0:01:19] [#]} 25. Bd2 (25. h5 $1 $18 ) 25... Qc7 $2 (25... Nxc3 $1 $11 26. Bd3 (26. Bxc3 Rac8 $15) 26... Nb5) 26. Be2 {[%emt 0:03:02] Weighted Error Value: White=0.24 (precise) /Black=0.26 (precise)} 1/2-1/2

[Event "41st Zalakaros Festival 2022"]
[Site "Zalakaros"]
[Date "2022.06.10"]
[Round "6.8"]
[White "Bodrogi, Bendeguz"]
[Black "Pasztor, Ferenc"]
[Result "1/2-1/2"]
[ECO "A00"]
[WhiteElo "2198"]
[BlackElo "2195"]
[Annotator "TA"]
[PlyCount "99"]
[EventDate "2022.06.05"]
[EventType "swiss"]
[EventCountry "HUN"]
[SourceTitle "playchess.com"]
[Source "ChessBase"]
[SourceQuality "1"]
[TimeControl "40/5400+30:1800+30"]

1. g3 e5 2. c4 Nc6 3. Bg2 d6 4. Nc3 f5 5. e3 Nf6 6. Nge2 g6 {[%emt 0:00:18] A25: English Opening vs King's Indian with ...Nc6 but without early d3.} 7. d4 e4 8. h4 {[%emt 0:01:16] [#]} d5 $146 {[%emt 0:04:40] White is slightly better.} ({Predecessor:} 8... Bg7 9. Qb3 Bd7 10. a3 a5 11. Qa2 a4 12. b4 axb3 13. Qxb3 Na5 14. Qa2 c5 {0-1 (38) Hartmann,T (2030)-Pohl,W (2174) Schwaebisch Gmuend 2010}) 9. Qb3 Nb4 {[%emt 0:06:56] [#] And now ...dxc4 would win.} 10. Nxd5 (10. O-O $14) 10... Nfxd5 11. cxd5 Qxd5 12. Qxd5 Nxd5 13. Bd2 Nb4 14. Bxb4 Bxb4+ 15. Nc3 Be6 16. a3 Be7 17. h5 Bf6 18. Rc1 Kd7 19. Bf1 a6 20. Na4 {[%emt 0:05:11] Strongly threatening Nc5+.} Kd6 21. Nc5 Bc8 22. Bc4 b6 23. Nb3 g5 24. Nd2 (24. g4 $5) 24... Bb7 (24... c5 $11) 25. h6 Rhd8 26. Ba2 {[%emt 0:01:34] White is more active.} Rac8 27. b4 $1 Ke7 28. Rc2 {[%emt 0:02:47] [#]} ({White should play} 28. Nc4 $14) 28... Bxd4 $1 $11 29. exd4 e3 $1 30. O-O exd2 31. Rxd2 {[%emt 0:00:04] aiming for Re2+.} Rd6 32. Re1+ Kf6 33. Rde2 {[%emt 0:00:10][%cal Bd2e2,Be2e7,Be7g7][%mdl 32] Re6+ is the strong threat.} g4 34. Re7 Kg6 35. Rg7+ Kxh6 {[%emt 0:00:32] The position is equal.} 36. Ree7 Rh8 37. d5 Bxd5 38. Bxd5 Rxd5 39. Rxc7 {[%emt 0:00:04][%mdl 4096] Endgame KRR-KRR} a5 40. Rge7 axb4 41. axb4 Rb5 42. Rc6+ Kh5 43. Rc4 Kg5 44. Kg2 Kf6 45. Rb7 Re8 46. Rxh7 Re4 47. Rc6+ Ke5 48. Rhh6 Rexb4 49. Rhe6+ Kd4 50. Red6+ {[%emt 0:00:03] Weighted Error Value: White=0.11 (very precise) /Black=0.10 (very precise)} 1/2-1/2